 Dungeon Crawl Stone Soup version 0.30-a0-250-g41c1d76940 (webtiles) character file.

Game seed: 4055045253880007572

2 Hubris850 the Conjurer (level 1, -1/12 HPs)
             Began as a Tengu Reaver on Oct 12, 2022.
             Slain by a kobold
             ... wielding a +0 short sword
              (3 damage)
             ... on level 1 of the Dungeon.
             The game lasted 00:00:55 (74 turns).

Hubris850 the Conjurer (Tengu Reaver)                 Turns: 74, Time: 00:00:56

Health: -1/12      AC:  3    Str: 12    XL:     1   Next: 40%
Magic:  4/4        EV: 11    Int: 13    God:
Gold:   15         SH:  0    Dex: 12    Spells: 3/4 levels left

rFire   . . .      SeeInvis .    a - +0 hand axe
rCold   . . .      Faith    .    (no shield)
rNeg    . . .      Spirit   .    b - +0 leather armour
rPois   .          Reflect  .    (helmet restricted)
rElec   .          Harm     .    (no cloak)
rCorr   .          Rampage  .    (no gloves)
Will    .....                    (boots unavailable)
Stlth   +.........               (no amulet)
HPRegen 0.22/turn                (no ring)
MPRegen 0.09/turn                (no ring)

@: no status effects
A: beak, talons 3
a: no special abilities


You were on level 1 of the Dungeon.
You visited 1 branch of the dungeon, and saw 1 of its levels.

You collected 15 gold pieces.

Inventory:

Hand Weapons
 a - a +0 hand axe (weapon)
Armour
 b - a +0 leather armour (worn)
Scrolls
 d - a scroll of fear {unknown}
 f - a scroll of teleportation {unknown}
Potions
 c - a potion of cancellation {unknown}
 e - a potion of berserk rage {unknown}


   Skills:
 + Level 2.0 Fighting
 + Level 3.3 Axes
 + Level 2.2 Dodging
 + Level 2.0 Spellcasting
 + Level 4.0 Conjurations


You had 3 spell levels left.
You knew the following spells:

 Your Spells              Type           Power      Damage    Failure   Level
a - Kiss of Death         Conj/Necr      24%        2d7       14%         1

Your spell library contained the following spells:

 Spells                   Type           Power      Damage    Failure   Level
 Momentum Strike          Conj/Tloc      12%        3d8       22%         2
 Hailstorm                Conj/Ice       6%         3d4       38%         3


Dungeon Overview and Level Annotations

Branches:
Dungeon (1/15)

Altars:


Innate Abilities, Weirdness & Mutations

You have a beak for a mouth.
You have claws for feet.


Message History

d - a scroll labelled PAMUKUITZU
Found a trident.
Okay, then.
You now have 15 gold pieces.
e - a sedimented ruby potion
Found a hand axe.
A bat and a goblin come into view.
Found a scroll labelled LOHUTO HINOCHEA.
Found a faded altar of an unknown god.
The goblin barely misses you.
You slash the goblin!
You kill the goblin!
The bat closely misses you.
You hit the bat.
You kill the bat!
No target in view!
f - a scroll labelled LOHUTO HINOCHEA You see here a +0 hand axe.
A kobold comes into view. It is wielding a +0 short sword.
Found a ring mail.
The kobold shouts!
You hear an angry hiss.
A goblin comes into view. It is wielding a +0 dagger.
A kobold comes into view.
It is wielding a +1 short sword of electrocution.
Found an escape hatch in the floor.
The goblin shouts!
A bat comes into view.
The kobold evades a web. x2
You hit the kobold but do no damage. Your kick misses the kobold.
You closely miss the kobold. The bat hits you but does no damage.
The kobold hits you with a +0 short sword.
An endoplasm comes into view.
The kobold closely misses you.
The bat is caught in a web!
You hit the bat.
The bat is moderately wounded.
You closely miss the kobold. You barely miss the kobold.
The bat struggles to get unstuck from the web. x2
The kobold hits you but does no damage.
You are electrocuted!
Ouch! That really hurt!
* * * LOW HITPOINT WARNING * * *
The kobold hits you with a +0 short sword.
You die...

#.# ... #######.# J.
........##.#
...$....#..
.....!...[#
..........####.
......bK.......
.....g_@.# ..#.#
......K^.# ##..#.#
.......#.####.....#
####
.......#...##....#
##...
.>.....###....#.#
#....
##########).....#
###<#.
#......)#.#####.###.
#.........###.......
#......##.##...####.


You could see an endoplasm, a goblin, a bat (webbed) and 2 kobolds.

Vanquished Creatures
  A goblin (D:1)
  A bat (D:1)
  A frilled lizard (D:1)
3 creatures vanquished.

Notes
Turn   | Place    | Note
-------+----------+-------------------------------------------
     0 | D:1      | Hubris850 the Tengu Reaver began the quest for the Orb.
     0 | D:1      | Reached XP level 1. HP: 12/12 MP: 4/4
    52 | D:1      | Found a faded altar of an unknown god.
    74 | D:1      | Slain by a kobold

Illustrated notes

Levels and vault maps discovered:
D:1:      saegor_arrival_simple_a, layout_rooms, ebering_ecumenical_altar_webs

Action                   || total
-------------------------++-------
Melee: Hand axe          ||     7
       Peck              ||     1
Armor: Leather armour    ||     2
Dodge: Dodged            ||     5

Table legend: (Time is in decaauts)
 A = Elapsed time spent in this place.
 B = Non-inter-level travel time spent in this place.
 C = Inter-level travel time spent in this place.
 D = Time resting spent in this place.
 E = Time spent auto-exploring this place.
 F = Levels seen in this place.
 G = Mean time per level.
                   A        B        C        D        E       F      G
               +--------+--------+--------+--------+--------+-----+--------+
         Total |     74 |     74 |      0 |      0 |     48 |   1 |   74.0 |
       Dungeon |     74 |     74 |      0 |      0 |     48 |   1 |   74.0 |
               +--------+--------+--------+--------+--------+-----+--------+

Top non-repeatable levels by time:
     D:1: 74 daAuts
